 Dungeon Crawl Stone Soup version 0.27-a0-1065-ge809cff456 (webtiles) character file.

Game seed: 5564641213552887499

45 Luzek the Digger (level 3, -3/28 HPs)
             Began as a Gargoyle Earth Elementalist on Apr 23, 2021.
             Slain by Terence
             ... wielding a +2 flail of protection
              (5 damage)
             ... on level 2 of the Dungeon.
             The game lasted 00:02:45 (1978 turns).

Luzek the Digger (Gargoyle Earth Elementalist)      Turns: 1978, Time: 00:02:46

Health: -3/28      AC: 21    Str: 11    XL:     3   Next: 64%
Magic:  4/7        EV:  2    Int: 16    God:
Gold:   35         SH:  0    Dex: 10    Spells: 6/7 levels left

rFire    . . .     SeeInvis .   f - +1 dagger (freeze)
rCold    . . .     Faith    .   (no shield)
rNeg     + + +     Spirit   .   (armour currently unavailable)
rPois    ∞         Reflect  .   (helmet currently unavailable)
rElec    .         Harm     .   (cloak currently unavailable)
rCorr    .         Rampage  .   (gloves currently unavailable)
Will     .....     NoTele   +   (boots currently unavailable)
Stlth    ++........             (no amulet)
HPRegen  0.09/turn              (no ring)
MPRegen  0.10/turn              (no ring)

@: tree-form
A: stationary, stasis, torment immunity, boosted hp, AC +3, negative energy
resistance 1, (electricity resistance), torment resistance 1, (unbreathing 1),
petrification resistance
a: no special abilities


You were on level 2 of the Dungeon.
You were a tree.
You visited 1 branch of the dungeon, and saw 2 of its levels.

You collected 35 gold pieces.

Inventory:

Hand Weapons
 e - a +0 dagger
 f - a +1 dagger of freezing (weapon)
Missiles
 b - 33 stones
 d - 2 boomerangs
Armour
 c - a +0 robe (melded)
Scrolls
 a - a scroll of amnesia {unknown}


   Skills:
 - Level 1.5 Dodging
 - Level 2.1 Stealth
 + Level 2.9 Spellcasting
 - Level 0.7 Transmutations
 + Level 4.6 Earth Magic


You had 6 spell levels left.
You knew the following spells:

 Your Spells              Type           Power      Damage    Failure   Level
a - Sandblast             Erth           34%        2d9       2%          1

Your spell library contained the following spells:

 Spells                   Type           Power      Damage    Failure   Level
 Passwall                 Tmut/Erth      8%         N/A       10%         2
 Beastly Appendage        Tmut           8%         N/A       14%         1
 Wereblood                Tmut           4%         N/A       22%         2
 Stone Arrow              Conj/Erth      18%        3d8       22%         3
 Spider Form              Tmut/Pois      1%         N/A       43%         3
 Petrify                  Tmut/Erth      10%        N/A       52%         4
 Lee's Rapid Deconstruct  Erth           8%         3d8*      61%         5
 Ice Form                 Ice/Tmut       3%         N/A       85%         4
 Hydra Form               Tmut           2%         N/A       98%         5


Dungeon Overview and Level Annotations

Branches:
Dungeon (2/15)

Altars:

Annotations:
D:2 Terence


Innate Abilities, Weirdness & Mutations

You are a tree.
Your roots penetrate the ground, keeping you stationary.
You cannot be teleported.
You are immune to unholy pain and torment.
Your maximum health is greatly increased.
Your equipment is partially melded.
((Your stone body is resilient. (AC +3)))
You are immune to poison.
You resist negative energy. (rN+)
((You are resistant to electric shocks. (rElec)))
You are resistant to unholy torment.
((You can survive without breathing.))
You are immune to petrification.


Message History

Aim: Terence, wielding a +2 flail of protection and wearing a +0 chain mail (85% to hit)
The blast of sand hits Terence but does no damage.
Unknown command.
Casting: Sandblast (safe; 2% risk of failure)
Confirm with . or Enter, or press ? or * to list all spells.
Aiming: Sandblast (safe; 2% risk of failure)
Press: ? - help, Shift-Dir - straight line, f/p - Terence
Aim: Terence, wielding a +2 flail of protection and wearing a +0 chain mail (85% to hit)
The blast of sand hits Terence but does no damage.
Terence misses you.
Unknown command.
Casting: Sandblast (safe; 2% risk of failure)
Confirm with . or Enter, or press ? or * to list all spells.
Aiming: Sandblast (safe; 2% risk of failure)
Press: ? - help, Shift-Dir - straight line, f/p - Terence
Aim: Terence, wielding a +2 flail of protection and wearing a +0 chain mail (85% to hit)
The blast of sand hits Terence but does no damage.
Terence barely misses you.
Unknown command.
You barely miss Terence.
Terence shouts, "ATTACK!!!"
Terence barely misses you.
You hit Terence but do no damage.
Terence hits you with a +2 flail of protection.
You hit Terence but do no damage.
Terence hits you with a +2 flail of protection.
You hit Terence. You freeze Terence.
Terence is lightly wounded.
Terence hits you with a +2 flail of protection.
You hit Terence. You freeze Terence.
Terence is moderately wounded.
Terence hits you with a +2 flail of protection!
* * * LOW HITPOINT WARNING * * *
You hit Terence but do no damage.
Terence is moderately wounded.
Terence hits you but does no damage.
It was a potion of lignification.
You turn into a tree.
Your +0 robe melds into your body.
Your roots penetrate the ground.
Terence hits you with a +2 flail of protection.
You die...

B..<# ... #..#
..... ##.##
#.####..###.... #.
#.....).#....# #.
###..###...#.# >g
##...††.......# ..
#.....###....##..#
#..
##..#######........
... ######...#
#.....#......
...##.......##
#♣###.#^.....
.....[.......# #@#
#..###...
.............# #(#
##..# ..
...###......# #.#
#... . .. #......#
..# ....
#.##.†....# .##
..... #..#......# #
.... ##.##.#####
####.......#


You could see Terence.

Vanquished Creatures
  An adder (D:1)
  2 bats (D:1)
  An endoplasm (D:2)
  5 goblins
  4 hobgoblins (D:1)
  8 jackals
  3 kobolds
  A quokka (D:2)
  2 ball pythons (D:1)
  4 frilled lizards
31 creatures vanquished.

Notes
Turn   | Place    | Note
-------+----------+-------------------------------------------
     0 | D:1      | Luzek the Gargoyle Earth Elementalist began the quest for
                  | the Orb.
     0 | D:1      | Reached XP level 1. HP: 10/10 MP: 3/3
   412 | D:1      | Reached skill level 4 in Earth Magic
   412 | D:1      | Reached XP level 2. HP: 15/15 MP: 5/5
   846 | D:1      | Found a faded altar of an unknown god.
  1306 | D:1      | Reached XP level 3. HP: 9/19 MP: 3/6
  1966 | D:2      | Noticed Terence
  1978 | D:2      | Slain by Terence

Illustrated notes

Levels and vault maps discovered:
D:1:      heliophobic_arrival_battle_scene, layout_basic,
          chequers_ecumenical_altar_lobes
D:2:      layout_rooms, uniq_terence, uniq_crazy_yiuf_cottage

Skill      XL: |  1 |
---------------+----+-----
Earth Magic    | 4 |  4.6
Dodging        | |  1.5
Stealth        | |  2.1
Spellcasting   | |  2.9
Transmutations | |  0.7

Action                   || total
-------------------------++-------
Melee: Unarmed           ||     2
       Dagger            ||    67
Throw: Boomerang         ||     4
 Cast: Sandblast         ||    24
  Use: Potion            ||     1
 Stab: Sleeping          ||     3
Armor: Robe              ||    15
Dodge: Dodged            ||    46

Table legend: (Time is in decaauts)
 A = Elapsed time spent in this place.
 B = Non-inter-level travel time spent in this place.
 C = Inter-level travel time spent in this place.
 D = Time resting spent in this place.
 E = Time spent auto-exploring this place.
 F = Levels seen in this place.
 G = Mean time per level.
                   A        B        C        D        E       F      G
               +--------+--------+--------+--------+--------+-----+--------+
         Total |   1979 |   1916 |     63 |    279 |   1436 |   2 |  989.5 |
       Dungeon |   1979 |   1916 |     63 |    279 |   1436 |   2 |  989.5 |
               +--------+--------+--------+--------+--------+-----+--------+

Top non-repeatable levels by time:
     D:1: 1763 daAuts
     D:2: 215 daAuts
